 Dungeon Crawl Stone Soup version 0.19-a0-1937-g70ed36a (webtiles) character file.

4675 varam the Grappler (level 10, -1/88 HPs)
             Began as a Troll Monk on Oct 26, 2016.
             Was an Elder of Okawaru.
             Slain by a four-headed hydra (9 damage)
             ... on level 9 of the Dungeon.
             The game lasted 00:21:10 (7621 turns).

varam the Grappler (Troll Monk)                     Turns: 7621, Time: 00:21:10

Health: -1/88      AC:  5    Str: 23    XL:     10   Next: 21%
Magic:  10/11      EV: 15    Int:  6    God:    Okawaru [****..]
Gold:   489        SH: 12    Dex: 16    Spells: 0 memorised, 9 levels left

rFire  . . .     SeeInvis .       - Unarmed
rCold  + . .     Gourm    +     a - +0 robe
rNeg   . . .     Faith    .     m - +0 shield
rPois  .         Spirit   .     (helmet restricted)
rElec  .         Reflect  .     (no cloak)
rCorr  .         Harm     .     (gloves unavailable)
MR     .....                    (boots unavailable)
Stlth  +++.......               M - amulet of regeneration
                                h - ring of protection from cold
                                f - +3 ring of dexterity

@: heroism
A: unfitting armour, claws 3, fast metabolism 3, gourmand, regeneration 1,
shaggy fur 1, tough skin 2
a: Heroism, Renounce Religion


You were on level 9 of the Dungeon.
You worshipped Okawaru.
Okawaru was greatly pleased with you.
You were completely stuffed.

You visited 2 branches of the dungeon, and saw 10 of its levels.

You collected 489 gold pieces.

Inventory:

Missiles
 g - 2 javelins (quivered)
 l - 5 poisoned tomahawks
 I - 2 tomahawks
Armour
 a - a +0 robe (worn)
 m - a +0 shield (worn)
Jewellery
 f - a +3 ring of dexterity (left claw)
 h - a ring of protection from cold (right claw)
 o - an uncursed ring of resist corrosion {unknown}
 D - an uncursed ring of see invisible
 M - an amulet of regeneration (around neck)
Wands
 C - a wand of iceblast (9/15)
 E - a wand of iceblast (6/15)
 H - a wand of lightning (9/15)
 K - a wand of iceblast (7/15)
 P - a wand of acid (9/15)
Scrolls
 d - 10 scrolls of remove curse {@r2}
 e - 2 scrolls of fear
 i - 3 scrolls of recharging
 j - 2 scrolls of enchant armour {unknown}
 p - 2 scrolls of noise
 q - 3 scrolls of amnesia {unknown}
 y - a scroll of random uselessness {unknown}
 A - a scroll of enchant weapon {unknown}
 N - 2 scrolls of fog {unknown}
 Q - a scroll of teleportation {unknown}
 R - a scroll of brand weapon {unknown}
Potions
 c - a potion of berserk rage {unknown}
 k - a potion of haste {unknown}
 n - a potion of beneficial mutation {unknown}
 r - 5 potions of curing {@q1}
 s - 2 potions of flight {unknown}
 u - 2 potions of agility {unknown}
 x - a potion of magic {unknown}
 z - 2 potions of resistance {unknown}
 B - 2 potions of lignification {unknown}
 F - a potion of invisibility {unknown}
 J - a potion of ambrosia {unknown}
 L - a potion of mutation {unknown}
Miscellaneous
 S - a fan of gales
Comestibles
 b - 6 bread rations
 t - 2 royal jellies
 v - 17 fruits
 w - 4 meat rations
 G - 2 beef jerkies
 O - 7 slices of pizza
 T - 10 chunks of flesh


   Skills:
 - Level 2.4(7.4) Fighting
 - Level 1.0(6.0) Throwing
 - Level 3.2(8.2) Dodging
 - Level 1.0(6.0) Stealth
 + Level 6.4(11.4) Shields
 * Level 12.0(17.0) Unarmed Combat
 - Level 3.0 Invocations
 - Level 0.7 Evocations


You had 9 spell levels left.
You didn't know any spells.

Dungeon Overview and Level Annotations

Branches:
Dungeon (9/15)             Temple (1/1) D:6
   Lair: D:8-11         Orc: D:9-12

Altars:
Ashenzari
Dithmenos
Elyvilon
Fedhas
Gozag
Hepliaklqana
Makhleb
Nemelex Xobeh
Okawaru
Qazlal
Ru
Trog
Uskayaw
Vehumet
Yredelemnul
The Shining One


Innate Abilities, Weirdness & Mutations

You are too large for most types of armour.
You have claws for hands.
Your metabolism is lightning-fast.
You like to eat raw meat.
Your natural rate of healing is unusually fast.
You are covered in fur. (AC +1)
You have very tough skin. (AC +2)


Message History

You block the three-headed hydra's attack.
Throwing (i - inventory. (,) - cycle):
g - 3 javelins (quivered)
Press: ? - help, Shift-Dir - straight line, f/p - three-headed hydra
Aim: a three-headed hydra (moderately wounded)
You throw a javelin.
The javelin hits the three-headed hydra!
The three-headed hydra is heavily wounded.
The three-headed hydra closely misses you.
The three-headed hydra bites you!
* * * LOW HITPOINT WARNING * * *
The three-headed hydra bites you.
* * * LOW HITPOINT WARNING * * *
You claw one of the three-headed hydra's heads off!
The two-headed hydra grows two more!
You mangle the four-headed hydra!!
The four-headed hydra is severely wounded.
The four-headed hydra bites you but does no damage.
You block the four-headed hydra's attack.
The four-headed hydra bites you but does no damage.
The four-headed hydra bites you!
You die...

#####%####......#
#PP≈.≈.≈.######.#####
#P≈......# #..^..=
#≈)P..P..# ######+
#P≈≈.....# #.≈P.....#
#+###'''## #).#.....#
#(KD@....# ##########


You could see a four-headed hydra and a big kobold.

Vanquished Creatures
  A hippogriff (D:9)
  2 dream sheep (D:9)
  Sigmund (D:4)
  2 yaks (D:9)
  A hungry ghost (D:7)
  A black bear (D:8)
  An orc warrior (D:7)
  3 ice beasts
  A phantom (D:8)
  2 centaurs (D:6)
  2 ogres
  4 big kobolds
  5 bullfrogs
  2 gnoll sergeants (D:7)
  3 scorpions
  12 killer bees
  A howler monkey (D:9)
  A bullfrog zombie (D:6)
  5 orc priests
  2 centaur skeletons (D:4)
  6 hounds
  4 orc wizards
  4 bullfrog skeletons
  3 iguanas
  Natasha (twice) (D:2)
  2 worker ants
  A hound zombie (D:6)
  A hound skeleton (D:4)
  14 gnolls
  10 adders
  6 oozes
  2 adder skeletons
  2 worms
  3 leopard geckos
  24 orcs
  7 bats
  5 giant cockroaches
  10 goblins
  7 hobgoblins
  6 jackals (D:1)
  2 quokkas
  6 frilled lizards
  2 jackal skeletons
  35 kobolds
  A leopard gecko zombie (D:3)
  2 quokka skeletons
  8 rats
  8 plants (D:4)
235 creatures vanquished.

Vanquished Creatures (others)
  A kobold (D:4)
1 creature vanquished.

Grand Total: 236 creatures vanquished

Notes
Turn   | Place    | Note
-------+----------+-------------------------------------------
     0 | D:1      | varam the Troll Monk began the quest for the Orb.
     0 | D:1      | Reached XP level 1. HP: 22/22 MP: 0/0
    67 | D:1      | Reached XP level 2. HP: 29/29 MP: 1/1
   161 | D:1      | Reached skill level 1 in Throwing
   321 | D:1      | Reached XP level 3. HP: 36/36 MP: 2/2
   439 | D:1      | Reached skill level 4 in Unarmed Combat
  1028 | D:2      | Reached XP level 4. HP: 44/44 MP: 3/3
  1039 | D:2      | Noticed Natasha
  1046 | D:2      | Killed Natasha
  1116 | D:3      | Found a white marble altar of Elyvilon.
  1429 | D:2      | Noticed Natasha
  1436 | D:2      | Killed Natasha
  1436 | D:2      | Reached XP level 5. HP: 43/50 MP: 4/4
  1491 | D:3      | Reached skill level 1 in Shields
  1578 | D:3      | Reached skill level 5 in Unarmed Combat
  1991 | D:4      | Reached XP level 6. HP: 59/59 MP: 5/5
  1995 | D:4      | Noticed Sigmund
  2089 | D:5      | Entered Level 5 of the Dungeon
  2127 | D:5      | Reached skill level 6 in Unarmed Combat
  2360 | D:4      | Found a hazy altar of Hepliaklqana.
  2488 | D:5      | Reached XP level 7. HP: 61/66 MP: 6/6
  2630 | D:4      | Killed Sigmund
  2630 | D:4      | Reached skill level 7 in Unarmed Combat
  3776 | D:5      | Reached skill level 8 in Unarmed Combat
  3776 | D:5      | Reached XP level 8. HP: 74/74 MP: 7/7
  4255 | D:5      | Found a sacrificial altar of Ru.
  4514 | D:6      | Found a staircase to the Ecumenical Temple.
  4524 | Temple   | Entered the Ecumenical Temple
  4552 | Temple   | Became a worshipper of Warmaster Okawaru
  4552 | Temple   | Reached * piety under Okawaru
  4552 | Temple   | Reached ** piety under Okawaru
  4664 | D:6      | Reached skill level 9 in Unarmed Combat
  4901 | D:6      | Found a stormy altar of Qazlal.
  5135 | D:6      | Found a radiant altar of Vehumet.
  5141 | D:6      | Found a burning altar of Makhleb.
  5141 | D:6      | Found a hide-covered altar of Uskayaw.
  5141 | D:6      | Found a basalt altar of Yredelemnul.
  5143 | D:6      | Found a blossoming altar of Fedhas.
  5144 | D:6      | Found an opulent altar of Gozag.
  5671 | D:7      | Reached skill level 10 in Unarmed Combat
  5690 | D:7      | Reached XP level 9. HP: 80/80 MP: 8/8
  5769 | D:7      | Reached skill level 5 in Shields
  5945 | D:7      | Reached *** piety under Okawaru
  6000 | D:7      | Reached skill level 1 in Invocations
  6363 | D:7      | Found a blossoming altar of Fedhas.
  6733 | D:8      | Reached skill level 11 in Unarmed Combat
  6767 | D:8      | Found a shattered altar of Ashenzari.
  7031 | D:8      | Reached **** piety under Okawaru
  7405 | D:9      | Reached XP level 10. HP: 57/88 MP: 11/11
  7577 | D:9      | Reached skill level 12 in Unarmed Combat
  7612 | D:9      | Noticed a three-headed hydra
  7621 | D:9      | Slain by a four-headed hydra

Vault maps used:
D:1:      erik_arrival_gehennom
D:2:      minivault_27, uniq_natasha
D:3:      lemuel_round_altar, serial_bayou_lagoon_b
D:4:      kennysheep_kobold_camp, lemuel_round_altar, minivault_4, uniq_sigmund
D:5:      nicolae_ru_the_path_less_chosen, first_bread
D:6:      grunt_qazlal_clouds, minitemple
D:7:      basic_altar
D:8:      nicolae_overflow_hidden_temple
D:9:      kennysheep_big_flooded_room, hangedman_ranch, basic_loot_grate_trap,
          nemelex_spade_bored_becter
Temple:   cyrus_temple_forest

Skill      XL: |  1  2  3  4  5  6  7  8  9 10 |
---------------+-------------------------------+-----
Throwing       | 1 |  1.0
Unarmed Combat | 4 5 6 8 10 11 12 | 12.0
Dodging        | 3 |  3.2
Shields        | 1 2 3 4 6 |  6.4
Invocations    | 3 |  3.0
Fighting       | |  2.4
Stealth        | |  1.0
Evocations     | |  0.7

Action                   |  1- 3 |  4- 6 |  7- 9 | 10-12 || total
-------------------------+-------+-------+-------+-------++-------
Melee: Unarmed           |    78 |   129 |   421 |    23 ||   651
       Punch             |       |     2 |    11 |       ||    13
Throw: Javelin           |       |     8 |    27 |     7 ||    42
Invok: Heroism           |       |       |     2 |     2 ||     4
  Use: Scroll            |       |       |     8 |       ||     8
 Stab: Sleeping          |     4 |       |     6 |       ||    10
  Eat: Chunk             |    14 |    14 |    47 |     3 ||    78
Armor: Robe              |    19 |    42 |    50 |     4 ||   115
Dodge: Dodged            |    26 |    48 |   133 |    12 ||   219
Block: Shield            |       |       |    90 |    10 ||   100
